 Dungeon Crawl Stone Soup version 0.17.0-57-g0e89251 (webtiles) character file.

1377 rgaf the Skirmisher (level 8, -9/71 HPs)
             Began as a Centaur Hunter on Dec 8, 2015.
             Was a Follower of Okawaru.
             Mangled by an orc warrior
             ... wielding a +0 glaive
              (21 damage)
             ... on level 7 of the Dungeon.
             The game lasted 00:12:03 (5713 turns).

rgaf the Skirmisher (Centaur Hunter)                Turns: 5713, Time: 00:12:03

Health: -9/71      AC:  8    Str: 17    XL:     8   Next: 39%
Magic:  8/8        EV:  7    Int: 10    God:    Okawaru [*.....]
Gold:   287        SH:  0    Dex: 10    Spells: 0 memorised, 7 levels left

rFire  . . .     SeeInvis .     b - +2 long sword (slice)
rCold  . . .     Clarity  .     x - +2 scale mail {MR+}
rNeg   . . .     SustAt   .     (no shield)
rPois  .         Gourm    +     (no helmet)
rElec  .         Spirit   .     (no cloak)
rCorr  .         Warding  .     (no gloves)
rMut   .         Stasis   .     (no barding)
MR     +....                    B - amulet of the gourmand
Stlth  ..........               (no ring)
                                (no ring)

@: very quick, somewhat resistant to hostile enchantments, extremely unstealthy
A: hooves 3, deformed body, speed 2, tough skin 3
a: Heroism, Renounce Religion


You were on level 7 of the Dungeon.
You worshipped Okawaru.
Okawaru was aware of your devotion.
You were not hungry.

You visited 2 branches of the dungeon, and saw 8 of its levels.

You collected 287 gold pieces.

Inventory:

Hand Weapons
 a - a +1 hand crossbow
 b - a +2 long sword of slicing (weapon)
 g - a +0 dagger
 l - a +2 dagger of venom
 D - a +0 short sword
Missiles
 d - 33 bolts
 m - 4 needles of confusion
 s - 50 poisoned needles
Armour
 c - a +0 leather armour
 q - a +0 scale mail
 x - a +2 scale mail of magic resistance (worn)
 H - a +0 ring mail
Jewellery
 B - an amulet of the gourmand (around neck)
Wands
 k - a wand of polymorph (12)
 F - a wand of cold (10)
 G - a wand of random effects (26)
Scrolls
 n - 4 scrolls of remove curse {unknown}
 p - 3 scrolls of teleportation {unknown}
 r - 3 scrolls of identify {unknown}
 u - a scroll of amnesia {unknown}
 v - a scroll of enchant armour {unknown}
 y - a scroll of fear {unknown}
 E - 2 scrolls of random uselessness {unknown}
Potions
 f - a potion of might {unknown}
 h - 2 potions of cancellation
 i - 2 potions of brilliance {unknown}
 w - a potion of heal wounds {unknown}
 z - a potion of agility {unknown}
 A - 2 potions of degeneration {unknown}
 J - a potion of flight {unknown}
 K - a potion of berserk rage {unknown}
Comestibles
 e - 3 bread rations
 j - a slice of pizza
 C - a royal jelly
 I - a meat ration


   Skills:
 + Level 6.7 Fighting
 * Level 6.0 Long Blades
 - Level 6.5 Crossbows
 - Level 1.3 Dodging
 - Level 0.5 Stealth


You had 7 spell levels left.
You didn't know any spells.

Dungeon Overview and Level Annotations

Branches:
Dungeon (7/15)             Temple (1/1) D:5

Altars:
Ashenzari
Cheibriados
Dithmenos
Fedhas
Gozag
Kikubaaqudgha
Makhleb
Nemelex Xobeh
Okawaru
Qazlal
Ru
Sif Muna
Xom
Yredelemnul
Zin
The Shining One


Innate Abilities, Weirdness & Mutations

You have hooves in place of feet.
Armour fits poorly on your strangely shaped body.
You cover ground very quickly.
You have extremely tough skin (AC +3).


Message History

The orc warrior barely misses you.
You hit the orc warrior.
You kick the orc warrior, but do no damage.
The orc warrior is heavily wounded.
The orc warrior hits you but does no damage.
You hit the orc warrior but do no damage.
You kick the orc warrior, but do no damage.
The orc warrior is heavily wounded.
You hit the orc warrior. Your kick misses the orc warrior.
The orc warrior is severely wounded.
The orc warrior hits you with a glaive.
* * * LOW HITPOINT WARNING * * *
You hit the orc warrior.
You kick the orc warrior, but do no damage.
The orc warrior is almost dead.
The orc warrior completely misses you.
You hit the orc warrior.
The orc warrior is almost dead.
The orc warrior hits you with a glaive!!
You die...

#+##
#?..##
##.....##
##.......#
#.........
+........%
#.@o......
##.......#
##.....##
#...##
#+##


You could see an orc warrior.

Vanquished Creatures
  Grinder (D:5)
  Sigmund (D:3)
  Edmund (D:5)
  3 centaurs
  An ogre (D:6)
  4 crimson imps
  3 hounds
  3 orc wizards
  A giant frog zombie (D:5)
  A giant frog skeleton (D:5)
  A worker ant (D:5)
  3 adders
  3 gnolls (D:6)
  2 shadow imps (D:6)
  2 oozes (D:1)
  A worm (D:2)
  19 orcs
  2 ball pythons
  9 bats
  9 hobgoblins
  7 jackals
  3 quokkas
  A giant gecko (D:1)
  2 giant gecko skeletons (D:4)
  7 giant newts
  6 goblins
  6 kobolds
  7 rats
  A butterfly (D:5)
110 creatures vanquished.

Notes
Turn   | Place    | Note
--------------------------------------------------------------
     0 | D:1      | rgaf the Centaur Hunter began the quest for the Orb.
     0 | D:1      | Reached XP level 1. HP: 17/17 MP: 1/1
   260 | D:1      | Reached XP level 2. HP: 20/25 MP: 2/2
   756 | D:1      | Reached skill level 5 in Crossbows
   889 | D:1      | Reached XP level 3. HP: 30/30 MP: 3/3
  1790 | D:3      | Noticed Sigmund
  2029 | D:3      | Killed Sigmund
  2029 | D:3      | Reached skill level 6 in Crossbows
  2029 | D:3      | Reached XP level 4. HP: 10/41 MP: 4/4
  2029 | D:3      | Reached XP level 5. HP: 11/47 MP: 5/5
  2347 | D:3      | Found an ancient bone altar of Kikubaaqudgha.
  2350 | D:3      | Found a blossoming altar of Fedhas.
  3001 | D:4      | Reached XP level 6. HP: 46/53 MP: 6/6
  3344 | D:4      | Found a deep blue altar of Sif Muna.
  3373 | D:5      | Entered Level 5 of the Dungeon
  3468 | D:5      | Reached skill level 1 in Long Blades
  3682 | D:5      | Noticed Grinder
  3701 | D:5      | Killed Grinder
  3701 | D:5      | Reached skill level 5 in Fighting
  3701 | D:5      | Reached XP level 7. HP: 57/61 MP: 7/7
  4822 | D:5      | Found a staircase to the Ecumenical Temple.
  4831 | Temple   | Entered the Ecumenical Temple
  5147 | Temple   | Became a worshipper of Warmaster Okawaru
  5197 | D:5      | Noticed Edmund
  5213 | D:5      | Killed Edmund
  5213 | D:5      | Reached skill level 5 in Long Blades
  5213 | D:5      | Reached XP level 8. HP: 57/70 MP: 8/8
  5246 | D:5      | Found a shimmering altar of Xom.
  5693 | D:6      | Reached * piety under Okawaru
  5713 | D:7      | Mangled by an orc warrior

Action                   |  1- 3 |  4- 6 |  7- 9 || total
-------------------------+-------+-------+-------++-------
Melee: Short sword       |    38 |   108 |    43 ||   189
       Dagger            |    86 |     8 |       ||    94
       Long sword        |       |    12 |   122 ||   134
 Fire: Hand crossbow     |    17 |    10 |    48 ||    75
  Use: Potion            |       |       |     8 ||     8
  Eat: Chunk             |     2 |     4 |     6 ||    12
       Beef jerky        |       |       |     1 ||     1
